 Dungeon Crawl Stone Soup version 0.26-a0-720-g2a1d101370 (webtiles) character file.

Game seed: 17101566835981145318

280 Descartes the Chiller (level 6, -2/41 HPs)
             Began as a Barachi Ice Elementalist on Nov 3, 2020.
             Was a Believer of Cheibriados.
             Splashed by Ijyb's acid (13 damage)
             ... on level 3 of the Dungeon.
             The game lasted 00:10:06 (3668 turns).

Descartes the Chiller (Barachi Ice Elementalist)    Turns: 3668, Time: 00:10:07

Health: -2/41      AC:  6    Str: 16    XL:     6   Next: 27%
Magic:  12/12      EV: 11    Int: 20    God:    Cheibriados [**....]
Gold:   178        SH:  0    Dex: 18    Spells: 9/13 levels left

rFire    + . .     SeeInvis .   h - +0 whip (drain)
rCold    . . .     Faith    .   (no shield)
rNeg     . . .     Spirit   .   q - +3 ring mail {rF+}
rPois    .         Reflect  .   z - +1 hat
rElec    .         Harm     .   k - +0 cloak (curse)
rCorr    .         Rampage  .   (no gloves)
MR       .....                  (no boots)
Stlth    +.........             (no amulet)
HPRegen  0.13/turn              (no ring)
MPRegen  0.13/turn              (no ring)

@: corroded, very slow
A: +LOS, swims, slowness 1, strong legs 1
a: Hop, Bend Time, Renounce Religion


You were on level 3 of the Dungeon.
You worshipped Cheibriados.
Cheibriados was pleased with you.
You visited 1 branch of the dungeon, and saw 3 of its levels.
You also visited: Sewer.

You collected 178 gold pieces.

Inventory:

Hand Weapons
 h - a +0 whip of draining (weapon)
Missiles
 b - 13 bolts
 e - 12 arrows
 g - 27 stones (quivered)
 o - 21 sling bullets
 u - 8 poisoned darts
 C - 2 boomerangs
Armour
 a - a +0 robe
 k - a cursed +0 cloak (worn)
 p - a +0 leather armour
 q - a +3 ring mail of fire resistance (worn)
 z - a +1 hat (worn)
 A - a +0 buckler
Scrolls
 c - a scroll of random uselessness {unknown}
 i - 2 scrolls of identify
 m - a scroll of enchant armour {unknown}
 n - 2 scrolls of remove curse
 s - a scroll of amnesia
 x - a scroll of fear {unknown}
 y - 2 scrolls of teleportation {unknown}
Potions
 d - a potion of mutation
 f - a potion of curing {unknown}
 j - a potion of haste {unknown}
 l - 2 potions of might {unknown}
 r - 2 potions of berserk rage {unknown}
 t - 4 potions of degeneration {unknown}
 v - 3 potions of flight {unknown}
 w - a potion of stabbing {unknown}
 B - a potion of heal wounds {unknown}


   Skills:
 - Level 1.9 Armour
 - Level 2.1 Dodging
 - Level 1.7 Stealth
 * Level 1.3 Shields
 + Level 4.4 Spellcasting
 + Level 6.8 Ice Magic


You had 9 spell levels left.
You knew the following spells:

 Your Spells              Type           Power        Failure   Level
a - Freeze                Ice            ####         1%          1
b - Frozen Ramparts       Ice            ####..       4%          3

Your spell library contained the following spells:

 Spells                   Type           Power        Failure   Level
 Ozocubu's Armour         Ice            ####....     4%          3
 Hailstorm                Conj/Ice       ###.....     50%         4
 Summon Ice Beast         Ice/Summ       ###.....     50%         4


Dungeon Overview and Level Annotations

Branches:
Dungeon (3/15)              Sewer (visited)

Altars:
Cheibriados
Trog

Annotations:
D:3 Grinder, Ijyb


Innate Abilities, Weirdness & Mutations

You can be seen from farther away. (+LOS)
You can swim through water.
You cover ground slowly.
You can hop short distances.


Message History

The wall freezes the adder.
You kill the adder!
Cheibriados appreciates the change of pace.
The frozen ramparts melt away.
Ijyb the Twisted Goblin comes into view.
She is carrying a wand of acid (7).
Found a stone staircase leading down.
Ijyb is nearby!
Grinder comes into view.
She is carrying a wand of flame (26).
Grinder shouts!
Grinder gestures at you. You resist with significant effort.
Found 16 gold pieces.
Grinder zaps a wand.
The puff of flame hits you. You resist.
Grinder zaps a wand.
The puff of flame misses you.
Grinder blinks!
Ijyb zaps a wand.
The bolt of acid hits you! The acid corrodes you!
You are splashed with acid!
Ijyb zaps a wand.
The bolt of acid hits you.
* * * LOW HITPOINT WARNING * * *
You are splashed with acid!
You die...

#.........# #..........*
#.........# ###.^........*
#.........# #.$.........,,
#.........# ##.#.§.....#*,,
#####..#### ##..#....)..##.*
#..# ##...g..?....[..* #..###
#>...#.......#***
##...########.##.........#***
#.#.##.....@.###)†........$,
#)#....#######*##..........,
#.............,,........###*
###..#.#########*##.......#
***#..)#### *#.......# **
#....#.[## *..####.## *,
#.#####).### *.## *.#***,
#,** ##.†.# **.* *,.,,,,
*,,****###)## *,,* ****,,,


You could see Ijyb.

Vanquished Creatures
  Terence (D:1)
  6 gnolls
  5 adders
  5 oozes (Sewer)
  8 worms
  A dart slug (D:1)
  4 leopard geckos
  6 orcs (D:3)
  6 giant cockroaches
  3 goblins
  10 hobgoblins
  12 jackals
  4 kobolds
  A quokka (D:2)
  2 ball pythons
  13 bats
  3 frilled lizards
  9 rats
99 creatures vanquished.

Notes
Turn   | Place    | Note
-------+----------+-------------------------------------------
     0 | D:1      | Descartes the Barachi Ice Elementalist began the quest for
                  | the Orb.
     0 | D:1      | Reached XP level 1. HP: 13/13 MP: 3/3
    69 | D:1      | Reached skill level 5 in Ice Magic
   139 | D:1      | Reached XP level 2. HP: 19/19 MP: 1/5
   775 | D:1      | Reached XP level 3. HP: 19/24 MP: 2/7
  1718 | D:1      | Reached XP level 4. HP: 26/30 MP: 5/9
  1799 | D:2      | Reached skill level 6 in Ice Magic
  1804 | D:2      | Learned a level 3 spell: Frozen Ramparts
  1906 | D:2      | Noticed Terence
  1933 | D:1      | Killed Terence
  1933 | D:1      | Reached XP level 5. HP: 21/35 MP: 3/10
  2083 | D:2      | Found a snail-covered altar of Cheibriados.
  2095 | D:2      | Became a worshipper of Cheibriados the Contemplative
  2316 | D:2      | Found a bloodstained altar of Trog.
  2493 | D:3      | Reached skill level 1 in Armour
  2685 | D:3      | Found a glowing drain.
  2689 | Sewer    | Entered a sewer
  2693 | Sewer    | Reached * piety under Cheibriados
  3291 | Sewer    | Reached XP level 6. HP: 41/41 MP: 8/12
  3291 | Sewer    | Reached ** piety under Cheibriados
  3476 | D:3      | Reached skill level 1 in Shields
  3660 | D:3      | Noticed Ijyb
  3661 | D:3      | Noticed Grinder
  3668 | D:3      | Splashed by Ijyb's acid

Illustrated notes

Levels and vault maps discovered:
D:1:      saegor_arrival_simple_c, layout_loops_ring
D:2:      layout_rooms, lightli_temple_of_fire, cheibriados_altar_1,
          uniq_terence
D:3:      layout_rooms, gup_sewer_entry_spiral, uniq_ijyb, uniq_grinder

Skill      XL: |  1  2  3  4  5  6 |
---------------+-------------------+-----
Ice Magic      | 5 6 |  6.8
Spellcasting   | 3 4 |  4.4
Armour         | 1 |  1.9
Shields        | 1 |  1.3
Dodging        | |  2.1
Stealth        | |  1.7

Action                   |  1- 3 |  4- 6 || total
-------------------------+-------+-------++-------
Melee: Unarmed           |    10 |       ||    10
       Whip              |     5 |    23 ||    28
 Cast: Freeze            |    56 |    45 ||   101
       Frozen Ramparts   |       |    21 ||    21
  Use: Scroll            |     2 |     2 ||     4
Armor: Robe              |    16 |       ||    16
       Leather armour    |       |     4 ||     4
       Ring mail         |       |    20 ||    20
Dodge: Dodged            |    49 |    51 ||   100

Table legend: (Time is in decaauts)
 A = Elapsed time spent in this place.
 B = Non-inter-level travel time spent in this place.
 C = Inter-level travel time spent in this place.
 D = Time resting spent in this place.
 E = Time spent auto-exploring this place.
 F = Levels seen in this place.
 G = Mean time per level.
                   A        B        C        D        E       F      G
               +--------+--------+--------+--------+--------+-----+--------+
         Total |   4349 |   4197 |    152 |    216 |   3109 |   4 | 1087.2 |
       Dungeon |   3426 |   3274 |    152 |    165 |   2429 |   3 | 1142.0 |
         Sewer |    922 |    922 |      0 |     51 |    679 |   1 |  922.0 |
               +--------+--------+--------+--------+--------+-----+--------+

Top non-repeatable levels by time:
     D:1: 1864 daAuts
   Sewer: 922 daAuts
     D:2: 922 daAuts
     D:3: 640 daAuts
